 Dungeon Crawl Stone Soup version 0.30-a0-630-g881e3bac89 (webtiles) character file.

Game seed: 8672359080798814204

86 Citaku the Covered (level 4, -3/40 HPs)
             Began as a Minotaur Fighter on Jan 13, 2023.
             Slain by a wyvern (7 damage)
             ... on level 4 of the Dungeon.
             The game lasted 00:02:11 (1311 turns).

Citaku the Covered (Minotaur Fighter)               Turns: 1311, Time: 00:02:12

Health: -3/40      AC:  7    Str: 23    XL:     4   Next: 27%
Magic:  3/3        EV:  9    Int:  5    God:
Gold:   108        SH:  4    Dex:  9    Spells: 3/3 levels left

rFire   . . .      SeeInvis .    a - +0 war axe
rCold   . . .      Faith    .    c - +0 buckler
rNeg    + . .      Spirit   .    b - +0 scale mail
rPois   .          Reflect  .    (helmet restricted)
rElec   .          Harm     .    (no cloak)
rCorr   .          Rampage  .    (no gloves)
Will    .....                    (no boots) Stlth
                                 (no amulet)
HPRegen 0.26/turn                m - ring of positive energy
MPRegen 0.08/turn                (no ring)

@: mighty
A: horns 2, retaliatory headbutt
a: no special abilities


You were on level 4 of the Dungeon.
You visited 1 branch of the dungeon, and saw 3 of its levels.

You collected 108 gold pieces.

Inventory:

Hand Weapons
 a - a +0 war axe (weapon)
Armour
 b - a +0 scale mail (worn)
 c - a +0 buckler (worn)
Jewellery
 m - a ring of positive energy (left hand)
Scrolls
 e - a scroll of enchant armour {unknown}
 f - a scroll of enchant weapon {unknown}
 g - 2 scrolls of blinking {unknown}
 j - a scroll of brand weapon {unknown}
 k - 2 scrolls of identify {unknown}
 l - a scroll of poison {unknown}
 n - a scroll of amnesia {unknown}
Potions
 h - 2 potions of haste {unknown}
 i - 3 potions of curing {unknown}
 o - 2 potions of heal wounds {unknown}


   Skills:
 + Level 4.1 Fighting
 * Level 3.7 Axes
 * Level 4.6 Armour
 + Level 4.2 Shields


You had 3 spell levels left.
You didn't know any spells.
Your spell library contained the following spells:

 Spells                   Type           Power      Damage    Failure   Level
 Summon Guardian Golem    Hex/Summ       0%         N/A       99%         3
 Orb of Destruction       Conj           0%         9d5       100%        7
 Spellforged Servitor     Conj/Summ      0%         N/A       100%        7


Dungeon Overview and Level Annotations

Branches:
Dungeon (2/15)

Altars:
Kikubaaqudgha


Innate Abilities, Weirdness & Mutations

You have a pair of horns on your head.
You reflexively headbutt those who attack you in melee.


Message History

You see here 6 poisoned darts.
You open the door.
A kobold comes into view. It is wielding a +3 dagger.
The kobold shouts!
Found 2 puce potions.
There is an open door here.
The kobold barely misses you. You furiously retaliate!
You headbutt the kobold!
You kill the kobold!
Things that are here:
a +3 dagger; a kobold corpse
o - 2 puce potions You open the door.
There is an open door here.
Found a stone staircase leading up.
A wyvern comes into view.
The wyvern hisses angrily.
You block the wyvern's attack.
You barely miss the wyvern. The wyvern bites you!
The wyvern completely misses you. You furiously retaliate!
You headbutt the wyvern! You hit the wyvern. Your headbutt misses the wyvern.
The wyvern is heavily wounded.
The wyvern bites you but does no damage.
The wyvern closely misses you.
You slash the wyvern!
The wyvern is almost dead.
The wyvern bites you. The wyvern barely misses you.
You closely miss the wyvern.
The wyvern is almost dead.
The wyvern bites you!
* * * LOW HITPOINT WARNING * * *
The wyvern closely misses you.
You barely miss the wyvern.
The wyvern is almost dead.
The wyvern bites you!
* * * LOW HITPOINT WARNING * * *
The wyvern barely misses you.
You feel very mighty all of a sudden. The wyvern bites you!
You die...

##### ##...##
##.....##
###.......#
..........#
#......<##...
#..#@l......
#...####...
###.# #.#
##'## ##...##
##.....##
##.......##
#.........#


You could see a wyvern.

Vanquished Creatures
  4 adders
  4 dart slugs (D:1)
  A worm (D:2)
  5 ball pythons
  3 endoplasms (D:1)
  2 giant cockroaches
  6 hobgoblins
  2 quokkas (D:2)
  6 bats (D:2)
  2 frilled lizards (D:1)
  2 kobolds
  7 rats (D:1)
44 creatures vanquished.

Notes
Turn   | Place    | Note
-------+----------+-------------------------------------------
     0 | D:1      | Citaku the Minotaur Fighter began the quest for the Orb.
     0 | D:1      | Reached XP level 1. HP: 19/19 MP: 0/0
   245 | D:1      | Reached XP level 2. HP: 27/27 MP: 1/1
   468 | D:1      | Reached XP level 3. HP: 32/33 MP: 2/2
   599 | D:1      | Found a faded altar of an unknown god.
   958 | D:2      | Found an ancient bone altar of Kikubaaqudgha.
  1161 | D:2      | Reached XP level 4. HP: 40/40 MP: 3/3
  1198 | D:2      | You fall into a shaft and drop 2 floors!
  1304 | D:4      | Noticed a wyvern
  1311 | D:4      | Slain by a wyvern

Illustrated notes

Levels and vault maps discovered:
D:1:      dpeg_arrival_houses_and_road, layout_basic, basic_ecumenical_altar,
          minmay_strange_pillars, minmay_misc_feat_doors, dk_noncrumbling_4
D:2:      layout_loops_ring, basic_altar
D:4:      layout_loops_corners, minmay_temple_entry_statues_fountains,
          minmay_tree_intersection

Skill      XL: |  1  2  3 |
---------------+----------+-----
Armour         | 4 |  4.6
Axes           | 3 |  3.7
Fighting       | 4 |  4.1
Shields        | 4 |  4.2

Action                   |  1- 3 |  4- 6 || total
-------------------------+-------+-------++-------
Melee: War axe           |    80 |    12 ||    92
       Headbutt          |    15 |     1 ||    16
  Use: Potion            |       |     1 ||     1
Armor: Scale mail        |    37 |     4 ||    41
Dodge: Dodged            |    45 |     8 ||    53
Block: Buckler           |    20 |     4 ||    24

Table legend: (Time is in decaauts)
 A = Elapsed time spent in this place.
 B = Non-inter-level travel time spent in this place.
 C = Inter-level travel time spent in this place.
 D = Time resting spent in this place.
 E = Time spent auto-exploring this place.
 F = Levels seen in this place.
 G = Mean time per level.
                   A        B        C        D        E       F      G
               +--------+--------+--------+--------+--------+-----+--------+
         Total |   1345 |   1313 |     32 |      0 |    925 |   3 |  448.3 |
       Dungeon |   1345 |   1313 |     32 |      0 |    925 |   3 |  448.3 |
               +--------+--------+--------+--------+--------+-----+--------+

Top non-repeatable levels by time:
     D:1: 777 daAuts
     D:2: 450 daAuts
     D:4: 117 daAuts
